 Dungeon Crawl Stone Soup version 0.20.1-1-g8b1a95d (webtiles) character file.

40016 pTCGFNYNwU3Fd6TS the Fighter (level 14, -20/133 HPs)
             Began as a Hill Orc Berserker on Nov 10, 2017.
             Was a High Priest of Trog.
             Demolished by an acid blob (30 damage)
             ... on level 1 of the Pits of Slime on Nov 18, 2017.
             The game lasted 02:24:19 (20010 turns).

pTCGFNYNwU3Fd6TS the Fighter (Hill Orc Berserker)  Turns: 20010, Time: 02:24:19

Health: -20/133    AC: 18    Str: 27    XL:     14   Next: 9%
Magic:  14/14      EV:  9    Int:  9    God:    Trog [*****.]
Gold:   1112       SH: 13    Dex: 10    Spells: 13/13 levels left

rFire    . . .     SeeInvis .   J - +5 mace
rCold    . . .     Gourm    .   a - +0 shield
rNeg     . . .     Faith    .   K - +1 plate armour
rPois    +         Spirit   .   X - +2 hat
rElec    .         Reflect  .   T - +2 cloak
rCorr    .         Harm     .   (no gloves)
MR       +....     Rnd*Tele +   (no boots)
Stlth    ..........             u - amulet of regeneration
Regen    0.8/turn               N - +4 ring of slaying
MPRegen  0.2/turn               L - +2 ring of strength

@: corroded
A: clever 1, mutation resistance 1, poison resistance, teleportitis 1
a: Berserk, Trog's Hand, Brothers in Arms, Burn Spellbooks, Renounce Religion


You were on level 1 of the Pits of Slime.
You worshipped Trog.
Trog was extremely pleased with you.
You were not hungry.

You visited 5 branches of the dungeon, and saw 20 of its levels.

You collected 1242 gold pieces.
You spent 130 gold pieces at shops.

Inventory:

Hand Weapons
 d - a +4 executioner's axe of flaming
 k - the +2 Maxwell's thermic engine {flame, freeze, rF- rC-}
   (You found it on level 3 of the Lair of Beasts)

   It has been specially enchanted to burn those struck by it, causing extra
   injury to most foes and up to half again as much damage against particularly
   susceptible opponents.
   Big, fiery blades are also staple armaments of hydra-hunters.
   It makes you vulnerable to fire.
   It makes you vulnerable to cold.
 J - a +5 mace (weapon)
 U - a +2 dagger of distortion
Armour
 a - a +0 shield (worn)
 K - a +1 plate armour (worn)
 T - a +2 cloak (worn)
 X - a +2 hat (worn)
Jewellery
 u - an amulet of regeneration (around neck)
 L - a +2 ring of strength (right hand)
 N - a +4 ring of slaying (left hand)
Wands
 h - a wand of flame (35/48)
 o - a wand of paralysis (13/24)
 s - a wand of random effects (23/48)
 y - a wand of confusion (31/48)
 A - a wand of acid (10/15)
 D - a wand of acid (0/15)
 F - a wand of random effects (14/48)
 G - a wand of iceblast (1/15)
 H - a wand of paralysis (13/24)
 M - a wand of acid (5/15)
 P - a wand of polymorph (18/24)
 R - a wand of acid (8/15)
 V - a wand of polymorph (11/24)
 W - a wand of polymorph (8/24)
Scrolls
 f - 4 scrolls of identify
 g - a scroll of recharging
 i - a scroll of blinking
 j - 9 scrolls of remove curse
 l - 7 scrolls of teleportation
 m - 2 scrolls of enchant armour
 q - 7 scrolls of magic mapping
 v - a scroll of torment {unknown}
 E - a scroll of silence {unknown}
Potions
 b - 2 potions of agility
 e - 3 potions of brilliance
 n - 3 potions of resistance
 t - a potion of flight {unknown}
 x - a potion of cancellation
 z - 4 potions of magic
 B - 2 potions of berserk rage
 C - 2 potions of might
 I - a potion of ambrosia
 O - 3 potions of haste
Miscellaneous
 Y - a phial of floods
Comestibles
 c - a bread ration
 p - 5 meat rations
 r - 12 royal jellies
 Z - 7 fruits


   Skills:
 * Level 14.7 Fighting
 * Level 13.8 Maces & Flails
 * Level 12.2 Armour
 - Level 4.3 Dodging
 * Level 11.7 Shields


You had 13 spell levels left.
You didn't know any spells.

Dungeon Overview and Level Annotations

Branches:
Dungeon (11/15)            Temple (1/1) D:7            Lair (6/6) D:10
 Shoals (1/4) Lair:2       Spider (0/4) Lair:3        Slime (1/5) Lair:5
    Orc: D:9-12

Altars:
Ashenzari
Cheibriados
Dithmenos
Elyvilon
Fedhas
Gozag
Hepliaklqana
Kikubaaqudgha
Makhleb
Nemelex Xobeh
Okawaru
Qazlal
Ru
Sif Muna
Trog
Uskayaw
Vehumet
Xom
Yredelemnul
Zin
The Shining One
Jiyva

Shops:
D:5 [   D:7 !   D:8 %

Annotations:
Lair:5 exclusion: oklob plant


Innate Abilities, Weirdness & Mutations

Your mind is acute. (Int +2)
You are somewhat resistant to further mutation.
Your system is resistant to poisons. (rPois)
You are occasionally teleported next to monsters.


Message History

The acid blob is lightly wounded.
The acid blob hits you.
You are splashed with acid!
The acid burns!
You barely miss the acid blob.
The acid blob is lightly wounded.
The acid blob hits you but does no damage.
You sock the acid blob!
Your hands burn!
The acid blob is lightly wounded.
The acid blob hits you!! The acid corrodes you!
You are splashed with acid!
The acid burns!
The acid blob hits you!!
You are splashed with acid!
The acid burns!
* * * LOW HITPOINT WARNING * * *
You hit the acid blob.
Your hands burn!
* * * LOW HITPOINT WARNING * * *
The acid blob is moderately wounded.
The acid blob hits you!
* * * LOW HITPOINT WARNING * * *
You are splashed with acid!
The acid burns!
* * * LOW HITPOINT WARNING * * *
The acid blob hits you!!
You die...

##.#........##.##
....#...........#
................##
..#...............
.#................
#...............#.
..........J...>...
.......<..@J......
....#...........#.
................#
.............#.##
........#.......#
#.......#.......#
.................
.................


You could see 2 acid blobs.

Vanquished Creatures
  Rupert (Lair:4)
  An acid blob (Lair:5)
  Josephine (Lair:5)
  A hydra (Lair:3)
  Harold (Lair:4)
  A two-headed ogre (D:9)
  The ghost of Frank the Carver, a novice OpFi (D:8)
  Nergalle (Lair:4)
  A lindwurm (Lair:1)
  A harpy (Lair:2)
  A shining eye (Lair:5)
  5 elephants (Lair:2)
  An ugly thing (D:6)
  A black mamba (Lair:4)
  A guardian serpent (D:10)
  3 spiny frogs
  The ghost of mrlamo the Shield-Bearer, a novice HuFi of Trog (D:5)
  A gargoyle (D:10)
  3 komodo dragons
  11 rime drakes
  A queen bee (Lair:5)
  4 trolls
  Grinder (D:3)
  3 meliai
  A hornet (D:10)
  6 slime creatures (Lair:5)
  3 blink frogs (Lair:3)
  3 hippogriffs
  A snapping turtle (Lair:2)
  38 yaks
  5 wraiths
  6 wyverns
  A vampire (D:10)
  3 hungry ghosts
  4 steam dragons
  2 basilisks
  6 water moccasins
  8 porcupines
  3 ice beasts
  4 sky beasts
  2 black bears
  5 phantoms
  4 ogres
  An orc warrior (D:8)
  An eye of draining (Lair:5)
  6 wolves (Lair:4)
  4 centaurs
  5 crocodiles
  2 big kobolds
  10 bullfrogs
  A wyvern zombie (D:5)
  A gnoll sergeant (D:6)
  3 scorpions
  22 killer bees
  19 wights
  6 howler monkeys
  5 crimson imps
  A jelly (D:6)
  A quasit (D:6)
  A centaur zombie (D:6)
  2 gnoll shamans
  4 hounds
  2 orc wizards
  A bullfrog skeleton (D:7)
  An iguana (D:10)
  10 worker ants
  A hound zombie (D:9)
  A hound skeleton (D:6)
  A howler monkey zombie (D:5)
  14 gnolls
  3 adders
  4 river rats (D:5)
  3 shadow imps
  An ooze (D:2)
  An adder skeleton (D:5)
  2 worms
  2 dart slugs
  2 leopard geckos (D:4)
  10 orcs
  4 bats
  4 giant cockroaches
  6 goblins
  12 hobgoblins
  17 jackals
  5 quokkas
  4 frilled lizards
  2 jackal skeletons
  A jackal zombie (D:6)
  24 kobolds
  A leopard gecko zombie (D:6)
  10 rats
  3 fungi
399 creatures vanquished.

Vanquished Creatures (collateral kills)
  Gastronok (D:8)
  A hydra (Lair:1)
  Sonja (D:10)
  A komodo dragon (Lair:3)
  A big kobold (D:8)
  A worker ant (D:10)
  A kobold (D:8)
  A ball python (D:8)
8 creatures vanquished.

Vanquished Creatures (others)
  An ice beast (D:7)
  14 fungi
  5 plants
20 creatures vanquished.

Grand Total: 427 creatures vanquished

Notes
Turn   | Place    | Note
-------+----------+-------------------------------------------
     0 | D:1      | pTCGFNYNwU3Fd6TS the Hill Orc Berserker began the quest for the Orb.
     0 | D:1      | Reached XP level 1. HP: 19/19 MP: 1/1
   536 | D:1      | Reached XP level 2. HP: 27/27 MP: 2/2
  1614 | D:1      | Reached XP level 3. HP: 33/33 MP: 3/3
  1879 | D:2      | Reached skill level 4 in Fighting
  1932 | D:2      | Reached ** piety under Trog
  2619 | D:3      | Reached XP level 4. HP: 40/40 MP: 4/4
  2620 | D:3      | Noticed Grinder
  2643 | D:3      | Paralysed by Grinder for 2 turns
  2651 | D:3      | Paralysed by Grinder for 3 turns
  2658 | D:3      | Paralysed by Grinder for 6 turns
  2882 | D:3      | Killed Grinder
  2882 | D:3      | Reached skill level 5 in Fighting
  2882 | D:3      | Reached skill level 5 in Maces & Flails
  2882 | D:3      | Reached XP level 5. HP: 48/48 MP: 5/5
  2882 | D:3      | Reached XP level 6. HP: 56/56 MP: 6/6
  3762 | D:4      | Reached XP level 7. HP: 62/62 MP: 7/7
  3851 | D:5      | Entered Level 5 of the Dungeon
  4046 | D:4      | Reached skill level 6 in Fighting
  4283 | D:5      | Noticed mrlamo's ghost (novice HuFi)
  4301 | D:5      | Killed mrlamo's ghost
  4301 | D:5      | Reached skill level 1 in Shields
  4352 | D:5      | Reached XP level 8. HP: 70/71 MP: 8/8
  4582 | D:5      | Reached skill level 7 in Fighting
  4673 | D:5      | Found a deep blue altar of Sif Muna.
  4741 | D:5      | Reached *** piety under Trog
  5092 | D:5      | Found Nyunij's Antique Armour Boutique.
  5809 | D:6      | Found a basalt altar of Yredelemnul.
  5853 | D:6      | Reached skill level 5 in Armour
  5863 | D:6      | Reached skill level 8 in Fighting
  5916 | D:6      | Reached XP level 9. HP: 81/81 MP: 9/9
  6508 | D:6      | Noticed a brown ugly thing
  6518 | D:6      | Killed a brown ugly thing
  6518 | D:6      | Reached skill level 9 in Fighting
  6578 | D:6      | Gained mutation: Your system is resistant to poisons. (rPois) [mutagenic meat]
  6580 | D:6      | Gained mutation: You are partially covered in large bone plates. (SH +4) [mutagenic meat]
  6587 | D:6      | Gained mutation: You occasionally shout uncontrollably at your foes. [mutagenic meat]
  6592 | D:6      | Gained mutation: Your mind is acute. (Int +2) [mutagenic meat]
  6876 | D:6      | Reached **** piety under Trog
  7397 | D:6      | Noticed a troll
  7408 | D:6      | Killed a troll
  7408 | D:6      | Reached skill level 5 in Shields
  7408 | D:6      | Reached XP level 10. HP: 93/93 MP: 10/10
  7419 | D:6      | Reached skill level 10 in Fighting
  7777 | D:7      | Found a staircase to the Ecumenical Temple.
  7796 | Temple   | Entered the Ecumenical Temple
  7987 | D:7      | Found Jiynimaede's Distillery.
  8005 | D:7      | Bought a potion of haste for 130 gold pieces
  8939 | D:8      | Found Emeaziq's Food Emporium.
  8970 | D:8      | Noticed Frank's ghost (novice OpFi)
  8995 | D:8      | Killed Frank's ghost
  9211 | D:8      | Noticed Gastronok
  9579 | D:8      | Killed Gastronok
  9579 | D:8      | Reached skill level 11 in Fighting
  9579 | D:8      | Reached skill level 10 in Maces & Flails
  9603 | D:8      | Reached XP level 11. HP: 78/102 MP: 11/11
 10019 | D:10     | Entered Level 10 of the Dungeon
 10019 | D:10     | Found a staircase to the Lair.
 10379 | D:9      | Reached ***** piety under Trog
 11199 | D:10     | Noticed a two-headed ogre
 11242 | D:9      | Killed a two-headed ogre
 11622 | D:10     | Noticed Sonja
 11710 | D:10     | Killed Sonja
 11864 | D:10     | Reached skill level 12 in Fighting
 12204 | Lair:1   | Entered Level 1 of the Lair of Beasts
 12724 | Lair:1   | Noticed a lindwurm
 12724 | Lair:1   | Found a dark tunnel.
 12747 | Lair:1   | Killed a lindwurm
 12872 | Lair:1   | Reached XP level 12. HP: 99/112 MP: 12/12
 13117 | Lair:1   | Received a gift from Trog
 13459 | Lair:1   | Noticed a four-headed hydra
 13465 | Lair:1   | Killed a four-headed hydra
 13894 | Lair:2   | Lost mutation: You occasionally shout uncontrollably at your foes. [potion of mutation]
 13894 | Lair:2   | Lost mutation: You are partially covered in large bone plates. (SH +4) [potion of mutation]
 13894 | Lair:2   | Gained mutation: You are occasionally teleported next to monsters. [potion of mutation]
 13894 | Lair:2   | Gained mutation: You are somewhat resistant to further mutation. [potion of mutation]
 14206 | Lair:2   | Reached skill level 10 in Armour
 14413 | Lair:2   | Found a staircase to the Shoals.
 14590 | Shoals:1 | Entered Level 1 of the Shoals
 15086 | Lair:2   | Reached skill level 13 in Fighting
 15524 | Lair:3   | Reached skill level 10 in Shields
 15765 | Lair:3   | Found a hole to the Spider Nest.
 15822 | Lair:3   | Reached XP level 13. HP: 121/122 MP: 13/13
 16174 | Lair:4   | Noticed Rupert
 16180 | Lair:4   | Paralysed by Rupert for 7 turns
 16193 | Lair:4   | Killed Rupert
 16957 | Lair:4   | Noticed Nergalle
 17265 | Lair:4   | Killed Nergalle
 17265 | Lair:4   | Reached skill level 14 in Fighting
 17559 | Lair:4   | Noticed Harold
 17572 | Lair:4   | Killed Harold
 18609 | Lair:5   | Found a runed door.
 18611 | Lair:5   | Found a viscous altar of Jiyva.
 18613 | Lair:5   | Noticed an acid blob
 18614 | Lair:5   | Found a staircase to the Slime Pits.
 19042 | Lair:5   | Noticed Josephine
 19053 | Lair:5   | Killed Josephine
 19295 | Lair:6   | Entered Level 6 of the Lair of Beasts
 19759 | Lair:5   | Killed an acid blob
 19759 | Lair:5   | Reached XP level 14. HP: 133/133 MP: 14/14
 19831 | Slime:1  | Entered Level 1 of the Pits of Slime
 19831 | Slime:1  | Noticed an acid blob
 19860 | Slime:1  | Noticed an acid blob
 20010 | Slime:1  | Demolished by an acid blob

Skill      XL: |  1  2  3  4  5  6  7  8  9 10 11 12 13 |
---------------+----------------------------------------+-----
Fighting       | 4 5 6 8 9 11 12 13 14 | 14.7
Maces & Flails | 4 5 6 7 9 10 11 12 13 | 13.8
Armour         | 3 4 5 6 7 9 10 12 | 12.2
Dodging        | 2 3 4 |  4.3
Shields        | 1 3 5 7 8 10 11 | 11.7

Action                   |  1- 3 |  4- 6 |  7- 9 | 10-12 | 13-15 || total
-------------------------+-------+-------+-------+-------+-------++-------
Melee: Mace              |   136 |    86 |   436 |   732 |   412 ||  1802
Throw: Stone             |       |       |       |    13 |       ||    13
Invok: Berserk           |       |     3 |     6 |    15 |     9 ||    33
       Brothers in Arms  |       |       |       |     4 |     1 ||     5
Evoke: Wand              |       |       |       |     2 |       ||     2
       Phial of floods   |       |       |       |     1 |       ||     1
  Use: Scroll            |       |       |     6 |    12 |     1 ||    19
       Potion            |       |       |       |     9 |       ||     9
 Stab: Sleeping          |     1 |       |       |       |       ||     1
  Eat: Chunk             |     5 |     2 |     8 |    25 |    13 ||    53
       Bread ration      |       |     1 |     3 |     1 |     1 ||     6
       Meat ration       |       |       |       |     4 |     1 ||     5
       Fruit             |       |       |       |     1 |     1 ||     2
Armor: Animal skin       |     9 |       |       |       |       ||     9
       Chain mail        |    33 |    53 |   159 |   148 |       ||   393
       Plate armour      |       |       |       |   163 |   315 ||   478
Dodge: Dodged            |   103 |    52 |   154 |   201 |   228 ||   738
Block: Shield            |       |     3 |   233 |   552 |   393 ||  1181
       Other             |       |       |       |     1 |       ||     1
